 BcadrenCrawl: Boulder Brew version 0.03.2.1-32-g00f802a9a0 (webtiles) character file.

Game seed: 10129359918351151535, levelgen mode: deterministic

16 esc the Slasher (level 2, -7/23 HPs) Minotaur Noble. Began on Jan 22, 2021. Mangled by a goblin ... wielding a cursed +9 club {(Curse: Fragile MR-)} (9 damage) ... on level 1 of the Dungeon. The game lasted 00:04:10 (219 turns).

esc the Slasher (Minotaur Noble)                     Turns: 219, Time: 00:04:11

Health: -7/23      AC: 11    Str: 20    XL:     2 ^: 18
Magic:  2/2        EV:  2    Int:  7    God:
Gold:   2          SH:  0    Dex:  7    Spells: 3/3 levels left

rFire    . . .     Vision   .   c - +1 triple sword
rCold    . . .     Gourm    .   (also wielding the above weapon)
rNeg     . . .     Faith    .   d - +0 iron troll leather
rPois    .         Spirit   .   f - +0 hat
rElec    .         Reflect  .   (no cloak)
rCorr    .         Harm     .   (no gloves)
MR       .....                  (no boots)
Stlth    ..........             (no amulet)
HPRegen  0.57/turn              (no ring)
MPRegen  0.12/turn              (no ring)

@: no status effects
A: retaliatory headbutt, horns 2
a: no special abilities


You were on level 1 of the Dungeon.
You were not hungry.

You visited 1 branch of the dungeon, and saw 1 of its levels.
You also visited: Market.

You collected 2 gold pieces.
You spent 1000 gold pieces at shops.

Inventory:

Weapons
 c - a +1 triple sword (weapon)
Armour
 d - a +0 iron troll leather (worn)
 f - a +0 hat (worn)
Comestibles
 a - 3 chunks of flesh
 b - 3 rations


   Skills:
 - Level 1.2 Fighting
 + Level 2.6 Long Blades
 - Level 0.7 Stealth
 - Level 1.0 Spellcasting


You had 3 spell levels left.
You didn't know any spells.
Your spell library was empty.

Dungeon Overview and Level Annotations

Branches:
Dungeon (1/8)

Altars:


Innate Abilities, Weirdness & Mutations

You reflexively headbutt those who attack you in melee.
You have a pair of horns on your head.


Message History

Your Long Blades skill increases to level 2!
You have reached level 2!
The bat hits you but does no damage.
The goblin hits you with a cursed +9 club {(Curse: Fragile MR-)} (3).
* * * LOW HITPOINT WARNING * * *
You barely miss the goblin.
The goblin hits you with a cursed +9 club {(Curse: Fragile MR-)} (3).
* * * LOW HITPOINT WARNING * * *
The goblin hits you but does no damage.
You miss the goblin. The goblin hits you but does no damage.
You closely miss the goblin.
The goblin hits you with a cursed +9 club {(Curse: Fragile MR-)} (2).
* * * LOW HITPOINT WARNING * * *
The goblin hits you but does no damage.
You closely miss the goblin.
The goblin hits you with a cursed +9 club {(Curse: Fragile MR-)} (2).
* * * LOW HITPOINT WARNING * * *
You barely miss the goblin.
The goblin hits you with a cursed +9 club {(Curse: Fragile MR-)} (9)!
You die...

≈≈≈≈≈≈≈≈# ≈≈≈≈≈≈≈≈#
≈≈≈≈≈≈≈≈# . ≈≈≈≈≈≈≈≈# .#
≈≈≈≈≈≈≈≈# ..# ≈≈≈≈≈≈≈≈#
.... ........# .....
⌠?⌠⌠⌠.8.# ####b.....
........# #.@gw.....
#.###.#####.###.##.....#
#.##........#...# ....#
.....########.### ...#
####.# #.# ..# #.# #.#
## #.##### #.# #.....#
#.# #####.####.#


You could see a dart slug, a goblin and a bat.

Vanquished Creatures
  A gnoll (D:1)
  A goblin (D:1)
  2 hobgoblins (D:1)
  A kobold (D:1)
5 creatures vanquished.

Notes
Turn   | Place    | Note
-------+----------+-------------------------------------------
     0 | Start Ma | esc the Minotaur Noble began the quest for the Orb.
     0 | Start Ma | Reached XP level 1. HP: 16/16 MP: 1/1
     0 | Start Ma | Found Goholol's Expert Tomes.
     3 | Start Ma | Found Pedotz's Auxillary Armour.
    11 | Start Ma | Found Funutecw's Mashing MeleeMart.
    18 | Start Ma | Bought a +0 triple sword for 400 gold pieces
    31 | Start Ma | Bought a +0 iron troll leather for 400 gold pieces
    61 | Start Ma | Bought a scroll of enchantment for 120 gold pieces
    66 | Start Ma | Bought a +0 hat for 80 gold pieces
    82 | D:1      | esc set off with the following items: a ration, a +1 triple
                  | sword, a +0 iron troll leather, a +0 hat
   180 | D:1      | Reached skill level 1 in Long Blades
   214 | D:1      | Reached skill level 2 in Long Blades
   214 | D:1      | Reached XP level 2. HP: 6/23 MP: 2/2
   218 | D:1      | HP: 1/23 [goblin/cursed +9 club {(Curse: Fragile MR-)} (2)]
   219 | D:1      | Mangled by a goblin

Levels and vault maps discovered:
D:1:      zaba_arrival_water, layout_basic, first_ration

Skill      XL: |  1 |
---------------+----+-----
Long Blades    | 2 |  2.6
Fighting       | |  1.2
Stealth        | |  0.7
Spellcasting   | |  1.0

Action                   || total
-------------------------++-------
Melee: Triple sword      ||    58
Throw: Stone             ||    10
       Rusty metal       ||     6
       Bone              ||     6
       Skull             ||     4
  Use: Scroll            ||     1
Armor: Iron troll leathe ||    75
Dodge: Dodged            ||     2
       Rpst.: Triple sword ||     1
